Map: [ESL] Data-C

Players

Lambo

  • Race: Zerg Zerg
  • Spawn Location: 9:00

Krystianer - Winner!

  • Race: Protoss Protoss
  • Spawn Location: 3:00

Event: DreamHack SC2 Masters 2022 Atlanta (Online)

VOD

Have the link to the VOD?

Description

Time

  • Played on: Oct. 4, 2022, 12:21 p.m.
  • Length: 11:30

All games in this series

Show
View Real Time Build Order
Export as new Build Order

Lambo Zerg 

Build Orders: Hatch First 

Get SALT Encoding   

  12  0:00  Drone  
  13  0:12  Overlord  
  13  0:17  Drone  
  14  0:30  Drone x2  
  16  0:48  Hatchery  
  15  0:51  Drone  
  15  0:54  Drone  
  17  0:58  Drone  
  18  1:09  Extractor  
  17  1:13  Spawning Pool  
  17  1:17  Drone  
  17  1:20  Drone  
  18  1:27  Drone  
  19  1:38  Drone  
  20  1:50  Drone  
  21  2:00  Zergling x2, Queen x2  
  21  2:01  Overlord  
  26  2:10  Drone  
  26  2:11  Drone  
  26  2:12  Metabolic Boost  
  28  2:21  Drone x2  
  30  2:35  Hatchery  
  29  2:39  Queen  
  31  2:44  Drone  
  31  2:45  Overlord  
  31  2:48  Drone  
  31  2:50  Zergling x2  
  34  2:56  Zergling x4  
  36  3:03  Queen  
  36  3:05  Overlord  
  38  3:14  Drone, Overlord  
  38  3:15  Drone x2  
  38  3:18  Drone  
  42  3:28  Drone  
  42  3:29  Drone  
  44  3:37  Drone x2  
  46  3:42  Queen  
  46  3:43  Spore Crawler  
  46  3:48  Zergling x4, Queen  
  49  3:49  Drone  
  49  3:54  Drone x2  
  49  3:55  Drone  
  55  4:00  Drone x3, Overlord  
  55  4:01  Drone  
  59  4:05  Drone  
  59  4:18  Drone x2  
  59  4:21  Drone x2  
  59  4:23  Drone, Overlord  
  64  4:30  Drone x3  
  67  4:31  Overlord  
  67  4:33  Drone x2, Roach Warren  
  67  4:35  Drone x2  
  67  4:36  Queen  
  67  4:37  Extractor  
  71  4:40  Overlord  
  71  4:43  Zergling x2  
  71  4:47  Lair  
  71  4:48  Overlord  
  71  4:49  Drone  
  71  4:50  Drone  
  71  4:52  Overlord, Extractor  
  72  4:55  Drone x2  
  72  4:57  Overlord  
  72  4:59  Drone  
  75  5:01  Drone x2  
  75  5:04  Zergling x4  
  79  5:07  Drone x3  
  79  5:09  Overlord  
  79  5:13  Spore Crawler  
  81  5:15  Spore Crawler  
  81  5:18  Drone x4  
  84  5:21  Zergling x4  
  86  5:30  Hatchery  
  86  5:31  Drone x3  
  86  5:32  Drone  
  86  5:33  Extractor  
  86  5:34  Overlord  
  88  5:41  Spore Crawler, Drone x4  
  91  5:47  Drone x4  
  95  5:50  Hydralisk Den, Overlord  
  95  5:53  Overlord  
  95  5:54  Evolution Chamber  
  93  6:00  Drone x5  
  93  6:01  Queen  
  100  6:07  Spore Crawler, Drone x2  
  100  6:08  Drone  
  100  6:09  Drone x2  
  104  6:12  Spore Crawler, Drone  
  104  6:15  Extractor  
  104  6:17  Extractor  
  102  6:21  Muscular Augments  
  102  6:28  Drone  
  103  6:33  Zerg Melee Weapons Level 1  
  103  6:34  Drone x12  
  115  6:41  Spore Crawler, Drone  
  115  6:46  Hydralisk x5  
  115  6:51  Overlord  
  115  6:53  Baneling Nest  
  124  6:55  Hydralisk x3  
  124  6:59  Drone  
  124  7:01  Infestation Pit, Drone x3  
  133  7:03  Extractor  
  133  7:04  Spore Crawler, Hydralisk x2  
  135  7:13  Hydralisk x2  
  137  7:16  Hydralisk x2  
  137  7:17  Overlord  
  137  7:21  Hydralisk  
  137  7:22  Hydralisk x2  
  147  7:23  Extractor  
  147  7:25  Overseer  
  147  7:29  Zergling x12  
  152  7:36  Grooved Spines  
  152  7:37  Overlord  
  152  7:38  Hive  
  152  7:39  Zergling x10  
  152  7:44  Overseer  
  157  7:48  Zergling x6  
  159  7:59  Drone  
  158  8:09  Zergling x2  
  158  8:10  Zergling x16, Lurker Den  
  158  8:11  Overlord  
  166  8:15  Hatchery  
  166  8:18  Zergling x2, Spire  
  166  8:19  Zergling x4  
  168  8:20  Overlord x2  
  168  8:21  Overlord  
  167  8:32  Spine Crawler  
  167  8:33  Spine Crawler  
  165  8:40  Zerg Missile Weapons Level 1  
  164  8:41  Drone  
  164  8:42  Evolution Chamber  
  164  8:47  Baneling x2  
  164  8:48  Baneling x12, Hydralisk x2  
  166  8:50  Adrenal Glands  
  166  8:52  Zergling x10, Hydralisk x6  
  166  8:54  Baneling x2  
  185  9:01  Zergling x16  
  191  9:10  Overseer  
  191  9:11  Drone  
  191  9:12  Drone  
  187  9:19  Zergling x8  
  187  9:20  Centrifugal Hooks  
  187  9:23  Baneling x3  
  191  9:30  Greater Spire  
  191  9:31  Baneling x2  
  191  9:36  Zergling x14  
  189  9:51  Zergling x22, Hydralisk x3  
  196  9:54  Baneling x19  
  186  10:22  Zergling x22  
  186  10:23  Zergling x10  
  177  10:30  Zergling x30  
  177  10:33  Overlord  
  177  10:35  Baneling x11  
  168  10:36  Hydralisk  
  168  10:41  Hydralisk x6  
  164  10:44  Pneumatized Carapace  
  164  10:48  Hydralisk x3  
  148  10:50  Baneling x4  
  140  10:57  Hydralisk x4  
  140  10:58  Zergling x10  
  140  11:00  Zergling x2  
  140  11:02  Zergling x2  
  125  11:11  Zergling x2  
Show
View Real Time Build Order
Export as new Build Order

Krystianer Protoss - Winner!

Build Orders: 1 Gate Expand, Oracle Opening, Phoenix Opening, Mass Phoenix, Zealot Archon 

Get SALT Encoding   

  12  0:00  Probe  
  13  0:12  Probe  
  14  0:17  Pylon  
  14  0:24  Probe (Chrono Boost)  
  16  0:36  Probe (Chrono Boost)  
  16  0:37  Gateway  
  16  0:43  Probe (Chrono Boost)  
  16  0:46  Assimilator  
  17  0:50  Probe  
  18  1:03  Probe  
  19  1:15  Probe  
  20  1:24  Nexus  
  20  1:34  Cybernetics Core  
  20  1:38  Probe  
  21  1:43  Assimilator  
  21  1:50  Probe  
  21  1:53  Pylon  
  22  2:02  Probe  
  23  2:08  Adept (Chrono Boost)  
  23  2:14  Probe  
  26  2:16  Stargate  
  26  2:24  Warp Gate  
  26  2:27  Probe (Chrono Boost)  
  26  2:28  Adept (Chrono Boost)  
  29  2:37  Probe (Chrono Boost)  
  31  2:44  Probe (Chrono Boost)  
  31  2:46  Probe (Chrono Boost)  
  33  2:51  Probe x2 (Chrono Boost)  
  33  2:58  Oracle (Chrono Boost)  
  34  3:03  Probe x2  
  39  3:07  Shield Battery  
  39  3:15  Probe x2, Stalker  
  43  3:27  Probe, Gateway, Pylon  
  43  3:28  Probe  
  45  3:39  Probe  
  45  3:40  Stargate  
  46  3:44  Assimilator  
  46  3:45  Probe, Assimilator  
  47  3:51  Probe  
  47  3:53  Phoenix (Chrono Boost)  
  50  3:57  Probe  
  50  3:59  Pylon  
  51  4:03  Probe  
  51  4:09  Probe  
  53  4:14  Pylon  
  53  4:15  Probe  
  54  4:20  Phoenix (Chrono Boost)  
  54  4:21  Probe  
  54  4:23  Phoenix (Chrono Boost)  
  59  4:27  Zealot, Probe  
  64  4:40  Phoenix (Chrono Boost)  
  64  4:42  Nexus  
  65  4:49  Phoenix (Chrono Boost)  
  65  4:52  Pylon  
  66  4:55  Probe x2  
  68  5:04  Phoenix (Chrono Boost)  
  70  5:10  Probe x2  
  70  5:12  Pylon  
  70  5:13  Adept x2  
  78  5:22  Phoenix (Chrono Boost)  
  78  5:29  Phoenix (Chrono Boost)  
  78  5:30  Probe x2  
  78  5:32  Twilight Council  
  82  5:38  Forge  
  82  5:42  Probe x2  
  84  5:54  Gateway, Probe (Chrono Boost)  
  84  5:56  Gateway  
  87  6:00  Probe x2 (Chrono Boost)  
  87  6:04  Probe (Chrono Boost)  
  88  6:06  Gateway  
  88  6:07  Probe x2 (Chrono Boost)  
  88  6:09  Probe (Chrono Boost)  
  91  6:12  Protoss Ground Weapons Level 1, Gateway  
  91  6:15  Pylon  
  92  6:18  Probe  
  92  6:20  Probe  
  92  6:22  Charge  
  92  6:23  Probe  
  94  6:30  Probe  
  94  6:32  Probe  
  96  6:34  Assimilator  
  96  6:35  Probe  
  96  6:36  Assimilator  
  96  6:37  Templar Archives  
  97  6:41  Gateway  
  97  6:43  Gateway  
  97  6:45  Gateway  
  97  6:47  Pylon  
  97  6:51  Gateway  
  97  6:52  Probe, Gateway  
  98  7:02  Psionic Storm  
  98  7:05  Pylon  
  98  7:07  Nexus, Probe  
  99  7:10  Probe x2  
  101  7:16  High Templar  
  101  7:17  High Templar x3  
  101  7:18  Zealot x2  
  101  7:19  Probe  
  101  7:22  Probe  
  115  7:23  Probe  
  115  7:26  Shield Battery  
  116  7:31  Probe  
  116  7:34  Probe  
  116  7:35  Probe  
  116  7:36  Pylon  
  119  7:43  Probe  
  120  7:44  High Templar x2  
  120  7:46  Probe  
  120  7:49  Pylon  
  125  7:51  Pylon  
  125  7:52  Archon  
  125  7:56  Photon Cannon  
  125  7:57  Photon Cannon  
  125  7:59  Pylon  
  125  8:01  High Templar x3, Pylon  
  125  8:03  Zealot  
  133  8:06  Pylon  
  133  8:07  Probe  
  133  8:08  Photon Cannon  
  133  8:11  Probe  
  135  8:15  Zealot x3, High Templar x2  
  135  8:19  Zealot x2  
  149  8:20  Archon  
  149  8:21  Probe  
  149  8:23  Assimilator  
  149  8:25  Protoss Ground Weapons Level 2 (Chrono Boost)  
  149  8:27  Probe, Assimilator  
  151  8:28  Robotics Facility  
  151  8:31  Pylon  
  151  8:33  Probe  
  152  8:35  Probe  
  153  8:43  Zealot x4  
  153  8:48  Zealot x5, High Templar x2  
  165  8:54  Archon  
  165  8:55  Archon  
  167  9:10  Zealot x7, High Templar x2  
  167  9:14  Archon  
  167  9:16  Pylon  
  175  9:18  Warp Prism (Chrono Boost)  
  175  9:26  High Templar x2  
  179  9:32  Zealot x5, High Templar x2  
  179  9:33  Archon  
  194  9:45  Observer (Chrono Boost)  
  182  9:54  Zealot x7  
  182  9:58  Warp Prism  
  192  10:06  Zealot x4  
  197  10:25  Zealot x7  
  185  10:29  Zealot x4  
  189  10:38  Probe  
  189  10:40  Probe  
  165  10:43  Probe  
  165  10:46  Zealot x7  
  165  10:47  Probe  
  169  10:50  Zealot x4  
  169  10:51  Probe  
  169  10:56  Archon  
  176  10:57  Archon x2  
  176  11:03  Probe  
  154  11:13  Zealot x4  
  154  11:14  Zealot x7  
  154  11:16  Probe  
Tags
 
Add a new tag
Caveats
  • Supply blocks, unpowered buildings, or Contaminate may cause inaccurate times.
  • Supply counts are checked every 10 seconds.